 Dungeon Crawl Stone Soup version 0.30-a0-210-g01b79a254e (webtiles) character file.

Game seed: 6223242271170803432

23 LnG the Caller (level 3, 0/19 HPs)
             Began as a Kobold Summoner on Oct 5, 2022.
             Slain by a kobold
             ... wielding a +3 whip
              (3 damage)
             ... on level 2 of the Dungeon.
             The game lasted 00:02:08 (1010 turns).

LnG the Caller (Kobold Summoner)                    Turns: 1010, Time: 00:02:11

Health: 0/19       AC:  3    Str:  5    XL:     3   Next: 12%
Magic:  0/6        EV: 15    Int: 18    God:
Gold:   73         SH:  0    Dex: 15    Spells: 1/7 levels left

rFire   . . .      SeeInvis .    g - +0 dagger
rCold   . . .      Faith    .    (no shield)
rNeg    . . .      Spirit   .    a - +0 robe
rPois   .          Reflect  .    (no helmet)
rElec   .          Harm     .    h - +0 cloak
rCorr   .          Rampage  .    (no gloves)
Will    .....                    (no boots)
Stlth   +++.......               (no amulet)
HPRegen 0.23/turn                (no ring)
MPRegen 0.10/turn                (no ring)

@: no status effects
A: small, no large weapons, nightstalker 3
a: no special abilities


You were on level 2 of the Dungeon.
You visited 1 branch of the dungeon, and saw 2 of its levels.

You collected 73 gold pieces.

Inventory:

Hand Weapons
 g - a +0 dagger (weapon)
Armour
 a - a +0 robe (worn)
 h - a +0 cloak (worn)
Scrolls
 d - a scroll of acquirement {unknown}
 e - 2 scrolls of identify {unknown}
 f - a scroll of poison {unknown}
 i - 2 scrolls of teleportation {unknown}
Potions
 b - a potion of magic
 c - a potion of lignification {unknown}


   Skills:
 + Level 2.4 Dodging
 + Level 2.8 Stealth
 + Level 2.5 Spellcasting
 + Level 4.6 Summonings


You had one spell level left.
You knew the following spells:

 Your Spells              Type           Power      Damage    Failure   Level
a - Summon Small Mammal   Summ           72%        N/A       2%          1
b - Call Imp              Summ           18%        N/A       3%          2
c - Call Canine Familiar  Summ           18%        N/A       8%          3

Your spell library contained the following spells:

 Spells                   Type           Power      Damage    Failure   Level
 Summon Guardian Golem    Hex/Summ       10%        N/A       21%         3
 Summon Lightning Spire   Summ/Air       10%        N/A       54%         4


Dungeon Overview and Level Annotations

Branches:
Dungeon (2/15)

Altars:

Annotations:
D:2 Terence


Innate Abilities, Weirdness & Mutations

You are small and have problems with some larger weapons.
You are completely attuned to the shadows.


Message History

The giant cockroach bites you but does no damage.
Casting: Summon Small Mammal (safe; 2% risk of failure)
Confirm with . or Enter, or press ? or * to list all spells.
A beastly little devil appears in a puff of flame.
The giant cockroach closely misses you. x2; Terence barely misses you.
Your crimson imp hits the giant cockroach but does no damage.
Terence attacks as you move away!
Terence hits you with a +0 flail of pain.
You writhe in agony.
A kobold comes into view. It is wielding a +3 whip.
The giant cockroach bites your crimson imp but does no damage.
Your crimson imp barely misses the giant cockroach.
The giant cockroach closely misses your crimson imp.
Your crimson imp hits the giant cockroach but does no damage.
You hit Terence but do no damage.
Terence is heavily wounded.
The giant cockroach closely misses your crimson imp.
Terence hits you with a +0 flail of pain!
Ouch! That really hurt!
* * * LOW HITPOINT WARNING * * *
Your crimson imp hits the giant cockroach.
Casting: Call Imp (safe; 3% risk of failure)
Confirm with . or Enter, or press ? or * to list all spells.
The spell is extremely dangerous to miscast (8% risk of failure)!
Continue anyway?
The kobold shouts!
The giant cockroach bites your crimson imp but does no damage.
Your crimson imp closely misses the giant cockroach.
The giant cockroach closely misses your crimson imp.
Terence barely misses you.
You swap places.
The giant cockroach misses your crimson imp.
Your crimson imp hits the giant cockroach.
Terence completely misses your hound. The kobold closely misses you.
Casting: Call Canine Familiar (extremely dangerous; 8% risk of failure)
Confirm with . or Enter, or press ? or * to list all spells.
The giant cockroach closely misses your crimson imp.
Your crimson imp hits the giant cockroach.
The giant cockroach dies!
The kobold hits you with a +3 whip.
You die...

#.........#
#.........#
...........
#.........##
..$...<.....
#......<.....
/.....5...#..
#####.#.@..#.
#.#.@h...
#....K...
##b......
...#..###
#####.#


You could see Terence, a kobold (ally target), a friendly hound (summoned), a
friendly crimson imp (summoned) and a friendly bat (summoned).

Vanquished Creatures
  A dart slug (D:1)
  2 quokkas (D:1)
  3 bats (D:1)
  A kobold (D:1)
7 creatures vanquished.

Vanquished Creatures (collateral kills)
  A dart slug (D:1)
  3 giant cockroaches
  A goblin (D:1)
  4 hobgoblins (D:1)
  A bat (D:1)
  A frilled lizard (D:1)
  A kobold (D:1)
12 creatures vanquished.

Grand Total: 19 creatures vanquished

Notes
Turn   | Place    | Note
-------+----------+-------------------------------------------
     0 | D:1      | LnG the Kobold Summoner began the quest for the Orb.
     0 | D:1      | Reached XP level 1. HP: 10/10 MP: 3/3
   190 | D:1      | Reached XP level 2. HP: 15/15 MP: 1/5
   193 | D:1      | Learned a level 2 spell: Call Imp
   697 | D:1      | Reached XP level 3. HP: 19/19 MP: 6/6
   701 | D:1      | Learned a level 3 spell: Call Canine Familiar
   998 | D:2      | Noticed Terence
  1010 | D:2      | Slain by a kobold

Illustrated notes

Levels and vault maps discovered:
D:1:      spicycebolla_arrival_clurvy, layout_loops_ring, minmay_tiny_reverse_x
D:2:      layout_rooms, serial_shops, nicolae_shop_hallway_stairs,
          uniq_crazy_yiuf_cottage, uniq_natasha, uniq_terence

Action                   || total
-------------------------++-------
Melee: Dagger            ||    18
       Unarmed           ||    13
 Cast: Summon Small Mamm ||    13
       Call Imp          ||     3
       Call Canine Famil ||     1
 Stab: Sleeping          ||     7
       Distracted        ||     1
Armor: Robe              ||     6
Dodge: Dodged            ||    17

Table legend: (Time is in decaauts)
 A = Elapsed time spent in this place.
 B = Non-inter-level travel time spent in this place.
 C = Inter-level travel time spent in this place.
 D = Time resting spent in this place.
 E = Time spent auto-exploring this place.
 F = Levels seen in this place.
 G = Mean time per level.
                   A        B        C        D        E       F      G
               +--------+--------+--------+--------+--------+-----+--------+
         Total |   1008 |    954 |     54 |      0 |    776 |   2 |  504.0 |
       Dungeon |   1008 |    954 |     54 |      0 |    776 |   2 |  504.0 |
               +--------+--------+--------+--------+--------+-----+--------+

Top non-repeatable levels by time:
     D:1: 997 daAuts
     D:2: 11 daAuts
